 Dungeon Crawl Stone Soup version 0.20.1-1-g8b1a95d66d (webtiles) character file.

264 JValeksei the Stinger (level 6, -7/32 HPs)
             Began as a Gargoyle Venom Mage on Dec 20, 2017.
             Mangled by Abighor's ghost (12 damage)
             ... on level 3 of the Dungeon.
             The game lasted 00:11:46 (5186 turns).

JValeksei the Stinger (Gargoyle Venom Mage)         Turns: 5186, Time: 00:11:46

Health: -7/32      AC:  7    Str: 12    XL:     6   Next: 19%
Magic:  13/19      EV: 11    Int: 21    God:
Gold:   122        SH:  0    Dex: 10    Spells: 1/11 levels left

rFire    . . .     SeeInvis .   D - +6 flail
rCold    . . .     Gourm    .   (no shield)
rNeg     + . .     Faith    .   n - +0 leather armour
rPois    ∞         Spirit   .   (no helmet)
rElec    +         Reflect  .   (no cloak)
rCorr    .         Harm     .   (no gloves)
MR       .....                  (no boots)
Stlth    ++........             (no amulet)
Regen    0.1/turn               d - ring of magical power
MPRegen  0.2/turn               v - +4 ring of intelligence

@: no status effects
A: negative energy resistance 1, electricity resistance, unbreathing,
petrification resistance, rot immunity, AC +4
a: no special abilities


You were on level 3 of the Dungeon.
You were very hungry.

You visited 1 branch of the dungeon, and saw 3 of its levels.

You collected 122 gold pieces.

Inventory:

Hand Weapons
 q - a +0 short sword
 y - a +0 flail
 D - a +6 flail (weapon)
 E - a +1 dagger of venom
Missiles
 e - 124 stones (quivered)
 g - 31 poisoned needles
 i - 63 arrows
Armour
 a - a +0 robe
 h - a cursed -1 robe
 n - a +0 leather armour (worn)
Jewellery
 d - a ring of magical power (left hand)
 v - a +4 ring of intelligence (right hand)
Wands
 k - a wand of flame (27/48)
 t - a wand of lightning (3/15)
Scrolls
 j - 3 scrolls of blinking
 l - a scroll of fear
 z - a scroll of fog
Potions
 f - a potion of flight {unknown}
 p - a potion of resistance {unknown}
 r - 3 potions of curing {unknown}
 u - 3 potions of heal wounds
 x - a potion of haste {unknown}
 A - a potion of cancellation {unknown}
Books
 b - a Young Poisoner's Handbook

   Spells                             Type                      Level
   a - Sting                          Conjuration/Poison           1
   b - Poisonous Vapours              Poison/Air                   2
   c - Mephitic Cloud                 Conjuration/Poison/Air       3
   d - Olgreb's Toxic Radiance        Poison                       4
   e - Venom Bolt                     Conjuration/Poison           5
Comestibles
 c - 2 bread rations
 w - a royal jelly


   Skills:
 + Level 0.2 Fighting
 + Level 1.1 Maces & Flails
 + Level 1.0 Armour
 + Level 1.7 Dodging
 + Level 2.5 Stealth
 * Level 3.3 Spellcasting
 * Level 2.8 Conjurations
 * Level 1.5 Air Magic
 * Level 4.2 Poison Magic


You had one spell level left.
You knew the following spells:

 Your Spells              Type           Power        Failure   Level  Hunger
a - Sting                 Conj/Pois      ###.         3%          1    None
b - Poisonous Vapours     Pois/Air       ###...       8%          2    ##.....
c - Mephitic Cloud        Conj/Pois/Air  ###.....     16%         3    ###....
d - Olgreb's Toxic Radia  Pois           ###.....     28%         4    ####...


Dungeon Overview and Level Annotations

Branches:
Dungeon (3/15)

Altars:
Fedhas
Gozag
Qazlal
Sif Muna

Annotations:
D:2 exclusion: oklob plant
D:3 Abighor's ghost, amateur MiFi


Innate Abilities, Weirdness & Mutations

You are resistant to torment.
Your stone body is resilient. (AC +4)
You are immune to poison.
You resist negative energy. (rN+)
You are resistant to electric shocks. (rElec)
You can survive without breathing.
You are immune to petrification.
You are immune to rotting.


Message History

A hobgoblin comes into view. It is wielding a club.
You are too injured to fight recklessly!
You are too injured to fight recklessly!
You are too injured to fight recklessly!
You are too injured to fight recklessly!
You are too injured to fight recklessly!
You are too injured to fight recklessly!
The hobgoblin shouts!
You thump Abighor's ghost!
Abighor's ghost is almost destroyed.
You hear a shout!
Abighor's ghost hits you but does no damage.
You barely miss Abighor's ghost.
Abighor's ghost is almost destroyed.
Abighor's ghost hits you!
* * * LOW HITPOINT WARNING * * *
You hit Abighor's ghost.
Abighor's ghost is almost destroyed.
Abighor's ghost hits you!
You die...

#...
#...##.#.#####
#...
#...##.#......
#$...
#...##.#######
#.(.. #...##.#
# #...).
#......#
#.....###
#.######
#...W..g# #.#
#W# #.# #@#
#.# #.###.#
#.....#
#######


You could see Abighor's ghost and a hobgoblin.

Vanquished Creatures
  3 orc wizards (D:3)
  Terence (D:1)
  5 adders
  2 worms (D:2)
  2 dart slugs
  2 leopard geckos (D:3)
  10 orcs
  8 bats
  2 giant cockroaches (D:2)
  12 goblins
  8 hobgoblins
  10 jackals
  12 kobolds
  3 quokkas
  A ball python (D:1)
  4 frilled lizards
  6 rats
91 creatures vanquished.

Vanquished Creatures (others)
  16 toadstools (D:2)
16 creatures vanquished.

Grand Total: 107 creatures vanquished

Notes
Turn   | Place    | Note
-------+----------+-------------------------------------------
     0 | D:1      | JValeksei the Gargoyle Venom Mage began the quest for the Orb.
     0 | D:1      | Reached XP level 1. HP: 10/10 MP: 3/3
   547 | D:1      | Reached XP level 2. HP: 15/15 MP: 3/5
   608 | D:1      | Learned a level 2 spell: Poisonous Vapours
   842 | D:1      | Reached XP level 3. HP: 19/19 MP: 1/6
   847 | D:1      | Learned a level 3 spell: Mephitic Cloud
  1615 | D:2      | Noticed a fire elemental
  1617 | D:2      | Found a stormy altar of Qazlal.
  1620 | D:2      | Noticed a water elemental
  1621 | D:2      | Noticed an earth elemental
  1621 | D:2      | Noticed an air elemental
  1912 | D:2      | Reached XP level 4. HP: 20/24 MP: 1/7
  2260 | D:2      | Noticed Terence
  2465 | D:1      | Killed Terence
  2465 | D:1      | Reached skill level 1 in Maces & Flails
  2920 | D:2      | Reached skill level 1 in Air Magic
  2922 | D:2      | Reached XP level 5. HP: 28/28 MP: 8/9
  3128 | D:2      | Found a blossoming altar of Fedhas.
  3145 | D:2      | Noticed an oklob plant
  3774 | D:3      | Reached skill level 4 in Poison Magic
  4010 | D:3      | Found a deep blue altar of Sif Muna.
  4198 | D:3      | Reached skill level 1 in Armour
  4198 | D:3      | Reached XP level 6. HP: 32/32 MP: 10/10
  4335 | D:3      | Learned a level 4 spell: Olgreb's Toxic Radiance
  5082 | D:3      | Found an opulent altar of Gozag.
  5167 | D:3      | Noticed Abighor's ghost (amateur MiFi)
  5186 | D:3      | Mangled by Abighor's ghost

Skill      XL: |  1  2  3  4  5 |
---------------+----------------+-----
Conjurations   | 2 |  2.8
Maces & Flails | 1 |  1.1
Air Magic      | 1 |  1.5
Spellcasting   | 3 |  3.3
Poison Magic   | 4 |  4.2
Armour         | 1 |  1.0
Fighting       | |  0.2
Dodging        | |  1.7
Stealth        | |  2.5

Action                   |  1- 3 |  4- 6 || total
-------------------------+-------+-------++-------
Melee: Unarmed           |    13 |       ||    13
       Whip              |    48 |    49 ||    97
       Flail             |       |    57 ||    57
       Dagger            |       |     4 ||     4
 Cast: Sting             |    21 |     2 ||    23
       Poisonous Vapours |    26 |    69 ||    95
       Mephitic Cloud    |       |     4 ||     4
  Use: Scroll            |       |    10 ||    10
       Potion            |       |     1 ||     1
 Stab: Confused          |       |     3 ||     3
  Eat: Chunk             |     5 |    13 ||    18
Armor: Robe              |    32 |     7 ||    39
       Leather armour    |       |    38 ||    38
Dodge: Dodged            |    64 |    78 ||   142
